 Dungeon Crawl Stone Soup version 0.30.1-9-gdf580d7c3d (webtiles) character file.

Game seed: 9084085334565533873

6 jagang the Covered (level 2, 0/24 HPs)
             Began as a Human Fighter on Sept 27, 2023.
             Slain by a goblin
             ... wielding a +0 club
              (2 damage)
             ... on level 1 of the Dungeon.
             The game lasted 00:00:48 (235 turns).

jagang the Covered (Human Fighter)                   Turns: 235, Time: 00:00:49

Health: 0/24       AC:  6    Str: 16    XL:     2   Next: 0%
Magic:  2/2        EV:  8    Int:  8    God:
Gold:   37         SH:  4    Dex: 12    Spells: 1/1 levels left

rFire   . . .        a - +0 long sword
rCold   . . .        c - +0 buckler
rNeg    . . .        b - +0 scale mail
rPois   .            (no helmet)
rElec   .            (no cloak)
rCorr   .            (no gloves)
SInv    .            (no boots)
Will    .....        (no amulet) Stlth
                     (no ring)
HPRegen 0.24/turn    (no ring)
MPRegen 0.08/turn

%: no passive effects
@: no status effects
A: no striking features
a: no special abilities


You were on level 1 of the Dungeon.
You visited 1 branch of the dungeon, and saw 1 of its levels.

You collected 37 gold pieces.

Inventory:

Hand Weapons
 a - a +0 long sword (weapon)
Armour
 b - a +0 scale mail (worn)
 c - a +0 buckler (worn)
 h - a +0 pair of boots
Scrolls
 e - a scroll of poison {unknown}
 g - a scroll of fear {unknown}
Potions
 d - a potion of might
 f - a potion of heal wounds {unknown}


   Skills:
 + Level 3.1 Fighting
 + Level 2.1 Long Blades
 + Level 3.1 Armour
 + Level 3.1 Shields


You had one spell level left.
You didn't know any spells.
Your spell library was empty.

Dungeon Overview and Level Annotations

Branches:
Dungeon (1/15)

Altars:


Message History

You closely miss the bat. The bat hits you but does no damage.
You block the bat's attack. The bat barely misses you.
You hit the bat.
You kill the bat!
You have reached level 2!
You closely miss the goblin. The goblin hits you with a +0 club.
The kobold misses you.
You hit the kobold but do no damage. The goblin hits you but does no damage.
The kobold hits you with a +0 whip.
You hit the kobold but do no damage. The goblin barely misses you.
The kobold barely misses you.
You hit the goblin.
The goblin is severely wounded.
The kobold hits you with a +0 whip. You block the goblin's attack.
The kobold hits you but does no damage. The goblin hits you but does no damage.
You miss the goblin.
The goblin is severely wounded.
The goblin closely misses you. You block the kobold's attack.
You closely miss the goblin.
The goblin is severely wounded.
The goblin hits you with a +0 club. The kobold hits you but does no damage.
You closely miss the goblin.
The goblin is severely wounded.
The goblin completely misses you. The kobold hits you with a +0 whip.
* * * LOW HITPOINT WARNING * * *
The goblin hits you but does no damage. The kobold hits you but does no damage.
You barely miss the goblin.
The goblin is heavily wounded.
The goblin hits you with a +0 club.
* * * LOW HITPOINT WARNING * * *
The kobold hits you but does no damage.
You barely miss the goblin.
The goblin is heavily wounded.
The goblin hits you with a +0 club.
* * * LOW HITPOINT WARNING * * *
The kobold hits you but does no damage.
You barely miss the goblin.
The goblin is heavily wounded.
The goblin hits you with a +0 club.
You die...

#........?.#
#....(.....#
#..........#
.#..........#
............#
:...........#
#h..S.g....#
###K###### .#
###.@g......# ...
..#.....?...#
#.##.#.........#
#..#.#.........#
#...#.........#
#####>...........#
.................#
.###...........>
#.#####..........


You could see 2 goblins and a kobold.

Vanquished Creatures
  An endoplasm (D:1)
  A giant cockroach (D:1)
  A hobgoblin (D:1)
  2 bats (D:1)
  A rat (D:1)
6 creatures vanquished.

Notes
Turn   | Place    | Note
-------+----------+-------------------------------------------
     0 | D:1      | jagang the Human Fighter began the quest for the Orb.
     0 | D:1      | Reached XP level 1. HP: 18/18 MP: 1/1
   226 | D:1      | Reached XP level 2. HP: 22/24 MP: 2/2
   234 | D:1      | HP: 1/24 [goblin/+0 club (4)]
   235 | D:1      | Slain by a goblin

Illustrated notes

Levels and vault maps discovered:
D:1:      dpeg_arrival_signposts, layout_rooms, serial_shops, shop

Action                     || total
---------------------------++-------
  Melee: Long sword        ||    31
 Armour: Scale mail        ||    20
  Dodge: Dodged            ||    16
  Block: Buckler           ||     7
